 Dungeon Crawl Stone Soup version 0.25.0-45-g978344163c (webtiles) character file.

Game seed: 12606040796604445168

92 Descartes the Sneak (level 4, -6/31 HPs)
             Began as an Octopode Fighter on July 11, 2020.
             Killed by nerve-wracking pain
             ... invoked by an orc priest
              (11 damage)
             ... on level 3 of the Dungeon.
             The game lasted 00:02:42 (2145 turns).

Descartes the Sneak (Octopode Fighter)              Turns: 2145, Time: 00:02:43

Health: -6/31      AC:  1    Str: 15    XL:     4   Next: 60%
Magic:  4/4        EV: 11    Int: 11    God:
Gold:   132        SH:  8    Dex: 11    Spells: 3/3 levels left

rFire    x . .     SeeInvis .   a - +0 long sword
rCold    + + .     Gourm    .   b - +0 kite shield
rNeg     . . .     Faith    .   (helmet restricted)
rPois    .         Spirit   .   (no amulet)
rElec    .         Reflect  .   e - ring of ice
rCorr    .         Harm     .   k - ring of protection from cold
MR       .....                  (no ring)
Stlth    +++.......             (no ring)
HPRegen  0.10/turn              (no ring)
MPRegen  0.09/turn              (no ring)
                                (no ring)
                                (no ring)

@: no status effects
A: almost no armour, stealthy swim, amphibious, 8 rings, constrict 8, camouflage
1, gelatinous body 1
a: no special abilities


You were on level 3 of the Dungeon.
You were not hungry.

You visited 1 branch of the dungeon, and saw 3 of its levels.

You collected 132 gold pieces.

Inventory:

Hand Weapons
 a - a +0 long sword (weapon)
Missiles
 f - 44 stones (quivered)
 j - 20 arrows
Armour
 b - a +0 kite shield (worn)
Jewellery
 e - a ring of ice (left tentacle)
 k - a ring of protection from cold (right tentacle)
Scrolls
 g - 3 scrolls of remove curse {unknown}
 h - a scroll of blinking {unknown}
 i - a scroll of magic mapping {unknown}
 m - 2 scrolls of identify {unknown}
 n - a scroll of amnesia {unknown}
Potions
 c - a potion of might
 l - a potion of heal wounds {unknown}
 o - a potion of haste {unknown}
 p - a potion of ambrosia {unknown}
 q - a potion of degeneration {unknown}
 r - a potion of lignification {unknown}
Comestibles
 d - 3 rations


   Skills:
 - Level 3.0 Fighting
 + Level 2.8 Long Blades
 - Level 3.0 Dodging
 * Level 4.1 Stealth
 + Level 3.6 Shields


You had 3 spell levels left.
You didn't know any spells.
Your spell library was empty.

Dungeon Overview and Level Annotations

Branches:
Dungeon (3/15)

Altars:
Nemelex Xobeh
Yredelemnul


Innate Abilities, Weirdness & Mutations

You cannot wear most types of armour.
You are very stealthy in the water. (Stealth+)
You are amphibious.
You can wear up to eight rings at the same time.
You can use your tentacles to constrict eight enemies at once.
Your skin changes colour to match your surroundings (Stealth+).
Your rubbery body absorbs attacks. (AC +1, EV +1)


Message History

An orc wizard comes into view. It is wielding a +0 dagger.
The orc wizard shouts!
You hear a shout!
The orc wizard moves out of view.
Found a stone staircase leading down.
An orc priest comes into view. It is wielding a +0 club.
The orc priest calls down the wrath of Beogh upon you.
Beogh smites you!
Ouch! That really hurt!
Found a stone staircase leading up.
You are too injured to fight recklessly!
You are too injured to fight recklessly!
You are too injured to fight recklessly!
You closely miss the orc wizard. Your grab misses the orc wizard.
The orc priest casts a cantrip, but nothing happens.
The orc wizard gestures at you while chanting.
The magic dart hits you!
* * * LOW HITPOINT WARNING * * *
The orc priest calls down the wrath of Beogh upon you.
Pain shoots through your body!
You die...

#..#......#....<#
###.............#.#
#.........#.##...##
#.##.#............#
# #.#.#....#.....#.
##.............>..
#.##.##.#.#.......
#........?..#...#
#....##.#@#o# ..#
#....#...........
#...##...........
#...#.....#.##o.#
#............ ..#
#.........#### .#
#))........ # #
##.#.#....##
#.#....).[...


You could see an orc priest.

Vanquished Creatures
  5 adders (D:2)
  A worm (D:2)
  4 giant cockroaches
  6 goblins
  7 hobgoblins
  5 kobolds
  A quokka (D:2)
  5 bats
  4 frilled lizards
  8 rats
46 creatures vanquished.

Notes
Turn   | Place    | Note
-------+----------+-------------------------------------------
     0 | D:1      | Descartes the Octopode Fighter began the quest for the Orb.
     0 | D:1      | Reached XP level 1. HP: 16/16 MP: 1/1
   232 | D:1      | Reached skill level 1 in Stealth
   293 | D:1      | Reached XP level 2. HP: 21/21 MP: 2/2
   484 | D:1      | Reached skill level 2 in Stealth
   862 | D:2      | Found a sparkling altar of Nemelex Xobeh.
   869 | D:2      | Reached XP level 3. HP: 18/26 MP: 3/3
  1099 | D:2      | Reached skill level 3 in Stealth
  1412 | D:2      | Reached XP level 4. HP: 26/31 MP: 4/4
  1785 | D:2      | Found a basalt altar of Yredelemnul.
  1834 | D:2      | Reached skill level 4 in Stealth
  2145 | D:3      | Killed from afar by an orc priest

Illustrated notes

Levels and vault maps discovered:
D:1:      minmay_arrival_stair_chambers, layout_basic, minmay_misc_feat_ornament
D:2:      layout_loops_ring, nemelex_xobeh_ov_fountains_minmay,
          lemuel_coloured_pillars_altar
D:3:      layout_basic, dancing_weapons_uskayaw, first_ration

Skill      XL: |  1  2  3  4 |
---------------+-------------+-----
Stealth        | 1 2 3 4 |  4.1
Fighting       | |  3.0
Long Blades    | |  2.8
Dodging        | |  3.0
Shields        | |  3.6

Action                   |  1- 3 |  4- 6 || total
-------------------------+-------+-------++-------
Melee: Long sword        |    53 |    20 ||    73
       Constrict         |    14 |     9 ||    23
       Tentacles         |    10 |     4 ||    14
 Stab: Sleeping          |     8 |     8 ||    16
  Eat: Chunk             |     2 |     2 ||     4
Armor: Skin              |     3 |     1 ||     4
Dodge: Dodged            |    20 |     5 ||    25
Block: Kite shield       |    19 |     2 ||    21
       Rpst.: Long sword |     9 |     2 ||    11
